 Dungeon Crawl Stone Soup version 0.26-a0-652-gafc20e3620 (webtiles) character file.

Game seed: 14251824886159390800

632 grandjackal the Insei (level 7, 0/55 HPs)
             Began as a Demonspawn Transmuter on Oct 2, 2020.
             Killed from afar by an orc wizard (8 damage)
             ... with a puff of frost
             ... on level 5 of the Dungeon.
             The game lasted 00:06:08 (6165 turns).

grandjackal the Insei (Demonspawn Transmuter)       Turns: 6165, Time: 00:06:08

Health: 0/55       AC:  3    Str: 10    XL:     7   Next: 24%
Magic:  0/11       EV: 12    Int: 16    God:
Gold:   207        SH:  0    Dex: 14    Spells: 8/11 levels left

rFire    . . .     SeeInvis +     - Unarmed
rCold    . . .     Faith    .   (no shield)
rNeg     . . .     Spirit   +   a - +0 robe
rPois    .         Reflect  .   (helmet currently unavailable)
rElec    .         Harm     .   f - +0 cloak
rCorr    .         Rampage  .   (no gloves)
MR       .....                  (boots currently unavailable)
Stlth    +.........             (no amulet)
HPRegen  0.18/turn              l - ring of see invisible
MPRegen  0.24/turn              (no ring)

@: appendages
A: claws 2, hooves 1, horns 2, magic shield, magic regeneration
a: End Transformation


You were on level 5 of the Dungeon.
You had grown temporary horns.
You visited 1 branch of the dungeon, and saw 5 of its levels.

You collected 207 gold pieces.

Inventory:

Armour
 a - a +0 robe (worn)
 e - a scarf of invisibility
 f - a +0 cloak (worn)
Jewellery
 l - a ring of see invisible (left claw)
Wands
 q - a wand of paralysis (8)
Scrolls
 c - a scroll of magic mapping
 i - a scroll of fear
 s - a scroll of remove curse
Potions
 b - a potion of brilliance
 d - a potion of mutation {unknown}
 g - 2 potions of haste
 h - a potion of berserk rage {unknown}
 j - a potion of ambrosia
 k - a potion of flight
 m - 5 potions of might
 n - 2 potions of magic
 o - a potion of stabbing {unknown}
 p - a potion of curing {unknown}
 r - a potion of cancellation {unknown}


   Skills:
 + Level 4.3 Fighting
 - Level 1.7 Dodging
 + Level 4.7 Unarmed Combat
 + Level 2.7 Spellcasting
 + Level 4.2 Transmutations


You had 8 spell levels left.
You knew the following spells:

 Your Spells              Type           Power        Failure   Level
a - Beastly Appendage     Tmut           ###...       3%          1
b - Wereblood             Tmut           ###.....     4%          2

Your spell library contained the following spells:

 Spells                   Type           Power        Failure   Level
 Spider Form              Tmut/Pois      #.........   24%         3
 Ice Form                 Ice/Tmut       #.......     61%         4
 Blade Hands              Tmut           ###.......   67%         5


Dungeon Overview and Level Annotations

Branches:
Dungeon (5/15)
 Temple: D:4-7

Altars:
Dithmenos
Okawaru

Annotations:
D:4 2 runed translucent doors, Barbarella's ghost, amateur HuFi


Innate Abilities, Weirdness & Mutations

You have very sharp fingernails.
You have large cloven feet.
When hurt, damage is shared between your health and your magic reserves.
You regenerate magic rapidly.
You have a pair of horns on your head.


Message History

The orc wizard seems to speed up.
Unknown command.
You bump into the rock wall.
The orc wizard gestures at you while chanting.
The puff of frost hits you!
* * * LOW HITPOINT WARNING * * *
The orc wizard hits you with a +0 dagger.
* * * LOW HITPOINT WARNING * * *
The shadow imp spits at you.
Items here: ))) [[.
You scratch the orc wizard. Your kick misses the orc wizard.
Your headbutt misses the orc wizard.
The orc wizard is moderately wounded.
You feel less confused.
You closely miss the orc wizard. You headbutt the orc wizard.
The orc wizard is severely wounded.
The orc wizard closely misses you.
The orc wizard points at you and mumbles some strange words.
The puff of frost hits you!
You die...

###.# ##.# #.#
##.## #.# #....
#.# #..## #†#
#.... #.#
######## #..##
#.###......#
#....
#.....####o####
#.##.
###.###...@oS5#
#.##.
#.##.⌠#####⌠.#
#.#.. ## #.##.
.# ..#.# #.
#.## # ###.# #.
#.# #.#
##.#####.## #.#
##.........#
##########.#
...#..###..#
#........#.#
#...## ####
########.#.#


You could see an orc wizard (fast, invisible), a shadow imp, an orc and a ball
python.

Vanquished Creatures
  An ice beast (D:5)
  A sky beast (D:5)
  A scorpion (D:5)
  A howler monkey (D:4)
  A hound (D:5)
  An orc priest (D:5)
  A bullfrog skeleton (D:5)
  An iguana (D:5)
  An orc wizard (D:5)
  Terence (D:2)
  4 gnolls (D:4)
  8 adders
  2 worms
  A dart slug (D:3)
  5 orcs
  A ball python (D:1)
  11 bats
  3 giant cockroaches
  7 goblins
  7 hobgoblins
  14 jackals
  A quokka (D:3)
  8 frilled lizards
  7 kobolds
  4 rats
93 creatures vanquished.

Notes
Turn   | Place    | Note
-------+----------+-------------------------------------------
     0 | D:1      | grandjackal the Demonspawn Transmuter began the quest for
                  | the Orb.
     0 | D:1      | Reached XP level 1. HP: 15/15 MP: 3/3
   338 | D:1      | Gained mutation: When hurt, damage is shared between your
                  | health and your magic reserves. [demonic ancestry]
   338 | D:1      | Reached XP level 2. HP: 21/21 MP: 1/5
   865 | D:1      | Reached XP level 3. HP: 23/27 MP: 4/6
  1473 | D:1      | Learned a level 2 spell: Wereblood
  2250 | D:2      | Noticed Terence
  2265 | D:2      | Killed Terence
  2265 | D:2      | Lost mutation: You have razor-sharp toenails. [demonic
                  | ancestry]
  2265 | D:2      | Lost mutation: You have sharp toenails. [demonic ancestry]
  2265 | D:2      | Gained mutation: You have large cloven feet. [demonic
                  | ancestry]
  2265 | D:2      | Reached XP level 4. HP: 10/34 MP: 4/7
  3271 | D:3      | Found a shadowy altar of Dithmenos.
  3560 | D:3      | Gained mutation: You have sharp fingernails. [demonic
                  | ancestry]
  3560 | D:3      | Reached XP level 5. HP: 19/40 MP: 1/8
  4223 | D:4      | Found a runed translucent door.
  4227 | D:4      | Noticed Barbarella's ghost (amateur HuFi)
  4273 | D:4      | Found a runed translucent door.
  4274 | D:4      | Found an iron altar of Okawaru.
  5195 | D:5      | Entered Level 5 of the Dungeon
  5202 | D:5      | Noticed a sky beast
  5215 | D:5      | Killed a sky beast
  5215 | D:5      | Gained mutation: You regenerate magic rapidly. [demonic
                  | ancestry]
  5215 | D:5      | Reached XP level 6. HP: 26/48 MP: 5/9
  5813 | D:5      | Noticed an ice beast
  5824 | D:5      | Killed an ice beast
  5824 | D:5      | Gained mutation: You have very sharp fingernails. [demonic
                  | ancestry]
  5824 | D:5      | Reached XP level 7. HP: 11/54 MP: 3/10
  6165 | D:5      | Killed from afar by an orc wizard

Illustrated notes

Levels and vault maps discovered:
D:1:      psy_arrival_wood_between_worlds, layout_basic, nrook_mini_backslash
D:2:      layout_basic, uniq_terence
D:3:      layout_basic, grunt_dithmenos_smoke_and_mirrors
D:4:      layout_cave_pools, overflow_temple_1_default, ebering_ghost_sewer_f,
          kennysheep_cross_room, kennysheep_generic_room_3
D:5:      layout_loops_ring, nicolae_temple_entry_ecumenical,
          grunt_ministairs_11, kennysheep_okawaru_gauntlet, uniq_prince_ribbit1

Skill      XL: |  1  2  3  4  5  6 |
---------------+-------------------+-----
Transmutations | 2 3 4 |  4.2
Unarmed Combat | 3 4 |  4.7
Fighting       | 2 3 4 |  4.3
Dodging        | |  1.7
Spellcasting   | |  2.7

Action                   |  1- 3 |  4- 6 |  7- 9 || total
-------------------------+-------+-------+-------++-------
Melee: Unarmed           |   174 |   162 |    17 ||   353
       Kick              |    13 |    29 |     6 ||    48
       Headbutt          |    11 |    15 |     3 ||    29
       Punch             |     2 |     1 |       ||     3
 Cast: Beastly Appendage |    16 |    17 |     1 ||    34
       Wereblood         |       |     1 |       ||     1
  Use: Scroll            |     6 |     6 |       ||    12
       Potion            |     1 |     1 |       ||     2
 Stab: Sleeping          |       |     1 |       ||     1
Armor: Robe              |    43 |    31 |       ||    74
Dodge: Dodged            |   109 |   111 |     9 ||   229

Table legend: (Time is in decaauts)
 A = Elapsed time spent in this place.
 B = Non-inter-level travel time spent in this place.
 C = Inter-level travel time spent in this place.
 D = Time resting spent in this place.
 E = Time spent auto-exploring this place.
 F = Levels seen in this place.
 G = Mean time per level.
                   A        B        C        D        E       F      G
               +--------+--------+--------+--------+--------+-----+--------+
         Total |   6144 |   6002 |    142 |   1951 |   3210 |   5 | 1228.8 |
       Dungeon |   6144 |   6002 |    142 |   1951 |   3210 |   5 | 1228.8 |
               +--------+--------+--------+--------+--------+-----+--------+

Top non-repeatable levels by time:
     D:1: 1695 daAuts
     D:3: 1481 daAuts
     D:2: 1208 daAuts
     D:5: 965 daAuts
     D:4: 792 daAuts
